 Dungeon Crawl Stone Soup version 0.32-a0-314-g526f7d4993 (webtiles) character file.

Game seed: 4190244067686561895

3008 Aldia the Cleaver (level 9, -1/75 HPs)
             Began as a Mountain Dwarf Reaver on Feb 15, 2024.
             Was a Priest of Qazlal.
             Succumbed to a hornet's poison
             ... while paralysed by a hornet
             ... on level 7 of the Dungeon.
             The game lasted 00:13:59 (5536 turns).

Aldia the Cleaver (Mountain Dwarf Reaver)           Turns: 5536, Time: 00:13:59

Health: -1/75      AC: 14    Str: 20    XL:     9   Next: 54%
Magic:  14/14      EV:  2    Int: 13    God:    Qazlal [***...]
Gold:   237        SH:  0    Dex:  8    Spells: 1/12 levels left

rFire   + . .        q - +4 broad axe (flame)
rCold   . . .        m - +0 kite shield
rNeg    . . .        a - +0 chain mail
rPois   .            s - +0 helmet
rElec   .            w - +2 cloak
rCorr   .            t - +0 pair of gloves
SInv    .            (no boots)
Will    .....        i - amulet of the acrobat Stlth
                     C - ring of protection from fire
HPRegen 0.32/turn    l - ring of wizardry
MPRegen 0.14/turn

%: acrobat, wizardry (x1)
@: paralysed, lethally poisoned (-1 -> -29), hasted and slowed
A: runic magic, artefact enchanting
a: Renounce Religion, Upheaval, Elemental Force


You were on level 7 of the Dungeon.
You worshipped Qazlal.
Qazlal was most pleased with you.
You visited 2 branches of the dungeon, and saw 8 of its levels.

You collected 377 gold pieces.
You spent 140 gold pieces at shops.

Inventory:

Hand Weapons
 q - a +4 broad axe of flaming (weapon)
Missiles
 r - a throwing net
Armour
 a - a +0 chain mail (worn)
 m - a +0 kite shield (worn)
 s - a +0 helmet (worn)
 t - a +0 pair of gloves (worn)
 w - a +2 cloak (worn)
Jewellery
 e - a ring of see invisible
 i - an amulet of the acrobat (around neck)
 l - a ring of wizardry (right hand)
 p - a ring of wizardry
 A - a ring of protection from cold
 C - a ring of protection from fire (left hand)
Wands
 v - a wand of mindburst (6)
 y - a wand of paralysis (11)
 D - a wand of light (5)
Scrolls
 c - a scroll of teleportation
 g - a scroll of revelation
 h - a scroll of vulnerability
 n - a scroll of fog
 o - a scroll of fear
 x - a scroll of blinking
 z - a scroll of enchant armour {unknown}
 B - a scroll of noise {unknown}
Potions
 b - a potion of brilliance
 d - a potion of might {unknown}
 f - 3 potions of heal wounds
 j - a potion of mutation
 u - 2 potions of curing
 E - a potion of lignification {unknown}


   Skills:
 + Level 5.6 Fighting
 * Level 11.2 Axes
 + Level 3.1 Armour
 - Level 1.3 Dodging
 + Level 6.2 Shields
 - Level 2.0 Spellcasting
 - Level 2.6 Conjurations
 - Level 7.0 Invocations


You had one spell level left.
You knew the following spells:

 Your Spells              Type           Power      Damage    Failure   Level
a - Kiss of Death         Conj/Necr      16%        2d6       21%         1
b - Momentum Strike       Conj/Tloc      8%         3d8       32%         2
c - Fugue of the Fallen   Necr           1%         N/A       69%         3
d - Animate Armour        Summ/Erth      2%         N/A       97%         4
e - Apportation           Tloc           2%         N/A       34%         1

Your spell library contained the following spells:

 Spells                   Type           Power      Damage    Failure   Level
 Foxfire                  Conj/Fire      16%        2x1d4     21%         1
 Ensorcelled Hibernation  Hex/Ice        2%         N/A       45%         2
 Jinxbite                 Hex            2%         N/A       45%         2
 Hailstorm                Conj/Ice       4%         3d5       52%         3
 Stone Arrow              Conj/Erth      8%         3d7       52%         3
 Summon Ice Beast         Ice/Summ       1%         N/A       69%         3
 Anguish                  Hex/Necr       0%         N/A       97%         4
 Fireball                 Conj/Fire      2%         3d4       99%         5
 Alistair's Intoxication  Alch           0%         N/A       100%        5
 Sculpt Simulacrum        Ice/Alch       0%         N/A       100%        6
 Lehudib's Crystal Spear  Conj/Erth      2%         10d2      100%        8
 Fire Storm               Conj/Fire      2%         8d1       100%        9


Dungeon Overview and Level Annotations

Branches:
Dungeon (7/15)             Temple (1/1) D:6

Altars:
Ashenzari
Cheibriados
Dithmenos
Elyvilon
Fedhas
Gozag
Hepliaklqana
Kikubaaqudgha
Makhleb
Nemelex Xobeh
Okawaru
Qazlal
Ru
Sif Muna
Trog
Uskayaw
Wu Jian
Xom
Yredelemnul
Zin
The Shining One

Shops:
D:2 (   D:5 *


Innate Abilities, Weirdness & Mutations

Your spellcasting is much less encumbered by armour.
You can use scrolls of enchantment on lesser artefacts.


Message History

The hornet stings you.
You shrug off the repeated paralysis!
You barely miss the hornet.
The hornet is heavily wounded.
The hornet stings you but does no damage. x2
You hit the hornet. You burn the hornet.
The hornet is severely wounded.
The hornet stings you!
You feel as though you will be slow longer.
The hornet stings you but does no damage. x2
You are too injured to fight recklessly!
You are too injured to fight recklessly!
You are too injured to fight recklessly!
You barely miss the hornet.
The hornet is severely wounded.
You block the hornet's attack. x2; The hornet stings you!
You are poisoned.
You suddenly lose the ability to move!
You can move again.
You feel better. The hornet stings you!
You feel as though you will be slow longer.
You block the hornet's attack.
You feel yourself speed up. The hornet completely misses you.
The hornet barely misses you.
You hit the hornet. You burn the hornet.
The hornet is severely wounded.
The hornet stings you.
* * * LOW HITPOINT WARNING * * *
You are poisoned.
You suddenly lose the ability to move!
The hornet stings you but does no damage.
You feel very sick. The hornet stings you!
* * * LOW HITPOINT WARNING * * *
You are more poisoned.
You feel as though you will be slow longer.
The hornet stings you.
* * * LOW HITPOINT WARNING * * *
You are more poisoned.
You shrug off the repeated paralysis!
You die...

.# .# ##.### .....
♣♣♣♣♣♣♣♣♣♣♣♣♣ ##...##
♣...........♣##.....##
♣...........♣#..y....##
♣...........♣#..@☼....#
♣....).(....♣#..°.....+
♣...........♣#........#
).....⌠..............##
♣...........♣##.....##
♣...........♣ ##...##
♣...........♣ ##+##
♣...........♣
♣...........♣


You could see a hornet.

Vanquished Creatures
  A sky beast (D:6)
  2 water moccasins
  2 ice beasts
  A black bear (D:4)
  A centaur (D:6)
  2 ogres
  A phantom (D:6)
  A kobold brigand (D:7)
  A bullfrog (D:6)
  2 scorpions
  A water moccasin skeleton (D:4)
  3 bombardier beetles
  A bullfrog zombie (D:4)
  3 hounds
  3 jellies
  2 gnoll boudas
  6 orc priests
  An iguana (D:6)
  7 orc wizards
  A hound zombie (D:4)
  2 hound skeletons (D:4)
  Robin (D:4)
  11 gnolls
  6 adders
  2 ufetubi (D:5)
  2 adder zombies (D:4)
  5 dart slugs
  3 ribbon worms
  27 orcs
  10 endoplasms
  4 giant cockroaches
  17 goblins
  9 hobgoblins
  6 jackals
  8 kobolds
  2 quokkas
  8 ball pythons
  4 bats
  5 rats
174 creatures vanquished.

Vanquished Creatures (others)
  A two-headed ogre (D:7)
1 creature vanquished.

Grand Total: 175 creatures vanquished

Notes
Turn   | Place    | Note
-------+----------+-------------------------------------------
     0 | D:1      | Aldia the Mountain Dwarf Reaver began the quest for the
                  | Orb.
     0 | D:1      | Reached XP level 1. HP: 17/17 MP: 3/3
    65 | D:1      | Reached skill level 4 in Axes
    65 | D:1      | Reached XP level 2. HP: 12/25 MP: 4/4
   430 | D:1      | Reached XP level 3. HP: 26/30 MP: 6/6
   532 | D:1      | Reached skill level 1 in Armour
  1006 | D:2      | Reached XP level 4. HP: 38/38 MP: 7/7
  1136 | D:2      | Found Fuolurph's Antique Weapon Emporium.
  1174 | D:2      | Found a stormy altar of Qazlal.
  1176 | D:2      | Reached skill level 5 in Axes
  1191 | D:2      | Became a worshipper of Qazlal Stormbringer
  1381 | D:3      | Learned a level 2 spell: Momentum Strike
  1385 | D:3      | Learned a level 3 spell: Hailstorm
  1481 | D:3      | Reached skill level 1 in Invocations
  1485 | D:3      | Reached skill level 1 in Shields
  1662 | D:2      | Bought a runed broad axe for 140 gold pieces
  1691 | D:3      | Reached XP level 5. HP: 45/45 MP: 8/8
  1994 | D:3      | Reached skill level 6 in Axes
  2039 | D:3      | Reached * piety under Qazlal
  2210 | D:3      | Reached XP level 6. HP: 51/51 MP: 9/9
  2235 | D:3      | Found a snail-covered altar of Cheibriados.
  2455 | D:4      | Reached skill level 7 in Axes
  2461 | D:4      | Noticed Robin
  2467 | D:4      | Killed Robin
  2468 | D:4      | Reached XP level 7. HP: 57/57 MP: 10/10
  2581 | D:4      | Reached ** piety under Qazlal
  2665 | D:4      | Found a shimmering altar of Xom.
  2862 | D:4      | Reached skill level 8 in Axes
  3125 | D:5      | Entered Level 5 of the Dungeon
  3145 | D:4      | Learned a level 4 spell: Animate Armour
  3183 | D:5      | Reached XP level 8. HP: 53/63 MP: 11/11
  3282 | D:5      | Reached skill level 5 in Invocations
  3417 | D:5      | Reached *** piety under Qazlal
  3613 | D:5      | Reached skill level 9 in Axes
  3663 | D:5      | Found Bovoal's Gadget Gallery.
  3841 | D:5      | Got the Secrets of Trauma
  3860 | D:5      | Learned a level 1 spell: Apportation
  4178 | D:6      | Reached skill level 5 in Shields
  4321 | D:6      | Found a staircase to the Ecumenical Temple.
  4330 | Temple   | Entered the Ecumenical Temple
  4427 | D:6      | Reached skill level 10 in Axes
  4431 | D:6      | Reached XP level 9. HP: 62/72 MP: 13/13
  4589 | D:6      | Reached skill level 5 in Fighting
  4835 | D:6      | Learned a level 3 spell: Fugue of the Fallen
  5147 | D:7      | Found a basalt altar of Yredelemnul.
  5156 | D:7      | Found a blossoming altar of Fedhas.
  5158 | D:7      | Found a stormy altar of Qazlal.
  5159 | D:7      | Found an iron altar of Okawaru.
  5373 | D:7      | Noticed a two-headed ogre
  5385 | D:7      | Killed a two-headed ogre
  5386 | D:7      | Reached skill level 11 in Axes
  5527 | D:7      | Paralysed by a hornet for 1 turns
  5531 | D:7      | Paralysed by a hornet for 1 turns
  5534 | D:7      | Paralysed by a hornet for 3 turns
  5536 | D:7      | Succumbed to a hornet's poison

Illustrated notes

Levels and vault maps discovered:
D:1:      dpeg_arrival_simpleton_a, layout_rooms
D:2:      layout_rooms, basic_altar, serial_shops, shop
D:3:      layout_rooms, cheibrodos_worm_habitat
D:4:      layout_cave_pools, lemuel_round_altar, serial_undead, serial_undead_c,
          serial_undead_c, serial_undead_d, serial_undead_b,
          hangedman_minor_gate_pass, uniq_robin
D:5:      layout_loops_ring, corexii_checkpoint, nicolae_shop_gadgets
D:6:      layout_gridville, minmay_temple_entry_crystal_x, minmay_between
D:7:      layout_loops_corners, vehumet_statue, minitemple,
          kennysheep_generic_room_16
Temple:   bh_familiar_temple

Skill      XL: |  1  2  3  4  5  6  7  8  9 |
---------------+----------------------------+-----
Axes           | 4 5 6 7 8 10 11 | 11.2
Spellcasting   | 2 |  2.0
Armour         | 1 2 3 |  3.1
Fighting       | 3 4 5 |  5.6
Invocations    | 1 2 3 4 6 7 |  7.0
Shields        | 1 2 4 5 6 |  6.2
Dodging        | |  1.3
Conjurations   | |  2.6

Action                     |  1- 3 |  4- 6 |  7- 9 || total
---------------------------+-------+-------+-------++-------
  Melee: Hand axe          |   111 |    72 |       ||   183
         Broad axe         |       |    84 |   238 ||   322
 Invoke: Upheaval          |       |       |     2 ||     2
  Evoke: Wand              |       |       |     1 ||     1
    Use: Scroll            |       |     6 |     9 ||    15
         Potion            |       |       |     4 ||     4
   Stab: Invisible         |       |       |     1 ||     1
 Armour: Leather armour    |     3 |       |       ||     3
         Scale mail        |    72 |    73 |       ||   145
         Chain mail        |       |    46 |   157 ||   203
  Dodge: Dodged            |    75 |    97 |    79 ||   251
  Block: Kite shield       |       |       |   101 ||   101
         Other             |       |       |     7 ||     7

Table legend: (Time is in decaauts)
 A = Elapsed time spent in this place.
 B = Non-inter-level travel time spent in this place.
 C = Inter-level travel time spent in this place.
 D = Time resting spent in this place.
 E = Time spent auto-exploring this place.
 F = Levels seen in this place.
 G = Mean time per level.
                   A        B        C        D        E       F      G
               +--------+--------+--------+--------+--------+-----+--------+
         Total |   5649 |   5432 |    217 |    158 |   3948 |   8 |  706.1 |
       Dungeon |   5647 |   5430 |    217 |    158 |   3948 |   7 |  806.7 |
        Temple |      1 |      1 |      0 |      0 |      0 |   1 |    1.0 |
               +--------+--------+--------+--------+--------+-----+--------+

Top non-repeatable levels by time:
     D:5: 1026 daAuts
     D:6: 850 daAuts
     D:4: 836 daAuts
     D:3: 815 daAuts
     D:1: 811 daAuts
     D:2: 739 daAuts
     D:7: 568 daAuts
  Temple: 1 daAuts
